Unix NetHack Version 3.7.0-88 Work-in-progress - last build Aug 21 2023 04:08:40 (b68ccb3e4f8f5dcb83e1e40b1ff56e7dffd4cd28,branch:master). Game began 2023-08-28 10:14:47, ended 2023-08-29 21:53:29. Arasaka, neutral female human Monk ---------------- |...%)..........| ---...----.----...--- |....--.......--....| -------...--.........--...------- ----- |.........|......... .|.........| ----- --- 1 1 1..5| |...--------........ -------...| |... ..... ---------1.-- ----|---- --....... ----%---- --..---------. |...aa@.|...-- --.......-- -----.----- --.......-- --...|.......|.. 5 |.a'aa..|11.1---........ ---.........--- -.....%.%.---....|.......|.. |..@@a..a.a@@@-......... |.............||.................%..._...|.. |..aaaa@|.15.---....... |. ----.---- .| -.........---....|.......|. 4|..Aa...|..1-- --...... | |.......| | -.......-- --...|.......|. ---------..-- ------ |.......| --------- --..--------- 54 .1.| .|..._...| |.......... ----- .|.......| ---------- .|.......| --------- .... Arasaka the Student of Metals St:18/09 Dx:21 Co:16 In:11 Wi:18 Ch:10 Neutral Astral Plane $:0 HP:6(91) Pw:28(103) AC:-22 Xp:19/2642314 T:40976 Latest messages: The renegade priest of Chih Sung-tzu swings his mace. The renegade priest of Chih Sung-tzu misses! The renegade priest of Chih Sung-tzu kicks! The renegade priest of Chih Sung-tzu points at you, then curses. The killer bee misses! The killer bee strikes at thin air! The killer bee lunges wildly and misses! The killer bee lunges wildly and misses! Maud the invisible Champion wields a greased long sword! The invisible Angel of Shan Lai Ching points at you, then curses. You kill the killer bee! Maud the invisible Champion zaps a wand of fire! The bolt of fire hits you! But it reflects from your armor! The bolt of fire misses Maud the invisible Champion. The bolt of fire bounces! The bolt of fire misses Maud the invisible Champion. The renegade priest of Chih Sung-tzu swings his mace. The renegade priest of Chih Sung-tzu hits! The renegade priest of Chih Sung-tzu kicks! The renegade priest of Chih Sung-tzu casts a spell at you! Scales cover your eyes! Your vision quickly clears. You feel the amulet draining your energy away. Where do you want to jump? (For instructions type a '?') There is a high altar to Chih Sung-tzu (neutral) here. There are several objects here. Maud the invisible Champion zaps a wand of fire! The bolt of fire misses the killer bee. The bolt of fire bounces! The invisible Angel of Shan Lai Ching wields a long sword! The priestess of Shan Lai Ching swings her mace. The priestess of Shan Lai Ching hits! The priestess of Shan Lai Ching kicks! The priestess of Shan Lai Ching casts a spell at you! The priestess of Shan Lai Ching picks up a crude bow. The renegade priest of Chih Sung-tzu strikes at thin air! The renegade priest of Chih Sung-tzu points and curses in your general direction. The priest of Moloch casts a spell! The priest of Moloch summons insects! The killer bee attacks a spot beside you. You can move again. There is a priest corpse here; sacrifice it? [ynq] (n) What do you want to sacrifice? [K or ?*] You offer the Amulet of Yendor to Chih Sung-tzu... An invisible choir sings, and you are bathed in radiance... The voice of Chih Sung-tzu rings out: "Mortal, thou hast done well!" "In return for thy service, I grant thee the gift of Immortality!" You ascend to the status of Demigoddess... Inventory: Amulets ('"') C - the blessed Eye of the Aethiopica Weapons (')') a - the blessed rustproof +7 Magicbane Armor ('[') r - an uncursed tempered +3 helm of brilliance (being worn) d - a blessed fireproof +4 pair of gauntlets of dexterity (being worn) c - a blessed fireproof +2 pair of speed boots (being worn) v - a blessed fireproof +4 robe (being worn) l - an uncursed fireproof +3 Hawaiian shirt with a flamingo motif (being worn) g - a blessed +1 silver dragon scale mail (being worn) Comestibles ('%') Y - 9 uncursed C-rations Rings ('=') p - an uncursed ring of conflict V - an uncursed ring of free action A - a cursed ring of levitation x - an uncursed +1 ring of protection (on right hand) o - an uncursed ring of slow digestion (on left hand) Wands ('/') Z - a cursed wand of cancellation (0:7) i - an uncursed wand of death (1:1) B - an uncursed wand of digging (0:5) J - an uncursed wand of striking (0:8) I - an uncursed wand of striking (0:3) F - an uncursed wand of striking (0:2) L - an uncursed wand of teleportation (0:0) E - a cursed wand of teleportation (0:0) R - an uncursed wand of undead turning (0:4) T - an uncursed wand of wishing (1:0) Tools ('(') z - a blessed greased bag of holding containing 54 items b - an uncursed bugle S - the uncursed Eyes of the Overworld (being worn) w - an uncursed magic whistle q - an uncursed +0 pick-axe e - an uncursed skeleton key u - an uncursed wet towel s - a blessed +0 unicorn horn Gems/Stones ('*') O - an uncursed luckstone Contents of the bag of holding: 349 gold pieces an uncursed fireproof +0 pair of water walking boots 10 uncursed C-rations an uncursed clove of garlic 3 uncursed K-rations 4 uncursed tripe rations an uncursed tripe ration 2 uncursed eggs 5 blessed scrolls of blank paper an uncursed scroll of blank paper 2 blessed scrolls of gold detection 2 blessed scrolls of remove curse 3 blessed scrolls of teleportation 5 uncursed scrolls of teleportation 2 cursed scrolls of teleportation an uncursed potion of gain level 8 potions of holy water 2 potions of unholy water an uncursed wand of cold (0:4) an uncursed wand of cold (0:1) an uncursed wand of create monster (0:12) an uncursed wand of create monster (0:10) an uncursed wand of digging (0:5) an uncursed wand of digging (0:5) an uncursed wand of digging (0:5) an uncursed wand of digging (0:4) an uncursed wand of digging (0:3) an uncursed wand of fire (0:8) an uncursed wand of fire (0:5) an uncursed wand of fire (0:3) an uncursed wand of lightning (0:6) an uncursed wand of magic missile (0:8) an uncursed wand of magic missile (0:7) an uncursed wand of magic missile (0:7) an uncursed wand of magic missile (0:2) an uncursed wand of polymorph (0:7) an uncursed wand of polymorph (1:1) a blessed wand of probing (0:4) an uncursed wand of sleep (0:6) an uncursed wand of sleep (0:2) an uncursed wand of sleep (0:1) an uncursed wand of slow monster (0:2) an uncursed wand of speed monster (0:2) an uncursed wand of speed monster (0:1) an uncursed wand of striking (0:4) an uncursed wand of striking (0:2) a cursed wand of striking (0:2) an uncursed horn of plenty (0:7) an uncursed expensive camera (0:91) an uncursed magic marker (1:17) 4 blessed tallow candles 2 uncursed worthless pieces of black glass an uncursed worthless piece of white glass an uncursed touchstone Arasaka the Monk's attributes: Background: You were a Student of Metals, a level 19 female human Monk. You were neutral, on a mission for Chih Sung-tzu who was opposed by Shan Lai Ching (lawful) and Huan Ti (chaotic). You were in the endgame, on the Astral Plane. You entered the dungeon 40976 turns ago. You had 2642314 experience points, 2477686 more were needed for level 20. Basics: You had 6 out of 91 hit points. You had 28 out of 103 energy points (spell power). Your armor class was -22. Your wallet was empty, but you had 349 zorkmids stashed away in your pack. Autopickup was off. Final Characteristics: Your strength was 18/09 (limit:18/100). Your dexterity was 21 (base:17, innate limit:18). Your constitution was 16 (peak:18, limit:18). Your intelligence was 11 (base:8, limit:18). Your wisdom was 18 (base:15, limit:18). Your charisma was 10 (limit:18). Final Status: You were not hungry. You were unencumbered. You were empty handed. You had grand master skill with martial arts. You had a huge penalty to hit (-20) due to your dragon mail. Final Attributes: You were the Envoy of Balance. You were piously aligned. You were magic-protected. You were fire resistant. You were cold resistant. You were sleep resistant. You were disintegration resistant. You were shock resistant. You were poison resistant. You could see. You saw invisible. You were warned. You had automatic searching. You were invisible to others. You were stealthy. You had teleport control. You had slower digestion. You had a small defense bonus (+1). You were protected. You took half spell damage. You were very fast. You had reflection. You were very lucky. You had extra luck. Bad luck did not time out for you. Good luck did not time out for you. You survived after being killed twice. Miscellaneous: You disabled loading of bones levels. Total elapsed playing time was 13 hours, 56 minutes and 12 seconds. Major events: Turn 1: Arasaka the neutral female human Monk entered the dungeon 528: entered the Gnomish Mines 620: attained the rank of Novice (level 3) 952: reached Mine Town 2004: attained the rank of Initiate (level 6) 2345: found Fire Brand in a shop 3514: entered Sokoban 3722: completed 1st Sokoban level 4297: completed 2nd Sokoban level 4732: completed 3rd Sokoban level 5129: was bestowed with Magicbane by Chih Sung-tzu 6983: completed 4th Sokoban level 7515: acquired the Sokoban amulet of reflection 8439: attained the rank of Student of Stones (level 10) 9453: acquired the Mines' End luckstone 10724: entered the Bigroom 16013: performed her first genocide (class L) 20360: killed Medusa 22597: made her first wish - "the blessed eye of the aethiopica", got "a spherical amulet named the Eye of the Aethiopica" 22602: wished for "blessed greased bag of holding", got "a greased bag" 22605: wished for "uncursed magic marker", got "a magic marker" 22808: attained the rank of Student of Waters (level 14) 23328: wished for "blessed fixed +2 speed boots", got "a pair of hiking boots" 24203: killed the invisible Master Kaen 24203: found the Eyes of the Overworld carried by a monster 24782: acquired the Bell of Opening 25669: entered Gehennom 26536: wished for "blessed fixed +2 helm of brilliance", got "a crystal helmet" 26838: bribed Asmodeus with 587 zorkmids for safe passage 27145: killed Juiblex 27446: killed Baalzebub 27448: genocided class h 28376: found Sunsword carried by a monster 28605: destroyed Vlad the Impaler 28606: acquired the Candelabrum of Invocation 30405: wished for "blessed spellbook of detect treasure", got "a glittering spellbook" 30416: wished for "uncursed magic marker", got "a magic marker" 31968: killed Orcus 32067: attained the rank of Student of Metals (level 18) 32246: killed Croesus 32322: genocided disenchanters 33909: wished for "uncursed magic marker", got "a magic marker" 36876: killed the Wizard of Yendor 36893: acquired the Book of the Dead 37116: performed the invocation 37458: killed the high priest of Moloch 37464: acquired The Amulet of Yendor 38907: killed the invisible Wizard of Yendor (2nd time) 39913: became Chih Sung-tzu's Envoy of Balance 39913: was bestowed with spellbook of restore ability 40251: killed the Wizard of Yendor (3rd time) 40549: entered the Elemental Planes 40549: entered Plane of Earth 40619: entered Plane of Air 40682: entered Plane of Fire 40725: entered Plane of Water 40836: entered the Astral Plane 40918: averted death (killed by Death) 40956: found Demonbane carried by a monster 40968: averted death (killed by an Angel of Huan Ti) 40970: killed the high priestess (2nd time) 40976: ascended Vanquished creatures: Baalzebub Orcus Juiblex the Wizard of Yendor (4 times) Vlad the Impaler 2 high clerics Master Kaen 2 mastodons Medusa Croesus 8 krakens an Archon an iron golem a storm giant 2 titans 2 balrogs 6 purple worms 2 gray dragons 2 gold dragons 4 silver dragons 7 red dragons 3 white dragons 3 orange dragons 5 black dragons 3 blue dragons a green dragon 4 yellow dragons 22 minotaurs 4 jabberwocks 9 baluchitheria an Angel a master mind flayer 2 Olog-hai a Nazgul 10 pit fiends 4 sandestins 2 hell hounds 4 displacer beasts 11 titanotheres 2 trappers 2 baby red dragons a baby green dragon 2 baby yellow dragons a guardian naga 3 genetic engineers 4 disenchanters 26 vampire leaders 5 skeletons 12 aligned clerics 5 captains 5 shades 10 nurses 4 ice devils 4 nalfeshnees 2 lurkers above 4 frost giants 3 ettins 3 golden nagas 4 black puddings 36 vampires 9 lieutenants 28 ghosts 2 queen bees 5 winged gargoyles 2 mind flayers 3 giant mimics 4 long worms 6 zruties 4 fire giants 11 ogre tyrants 5 ice trolls 10 rock trolls 7 umber hulks 2 flesh golems 5 elven monarchs 4 doppelgangers 7 hezrous 13 bone devils 2 large mimics 2 fire vortices 3 couatls 16 stalkers 6 air elementals 7 fire elementals 31 earth elementals 8 water elementals 6 hill giants 5 giant mummies 3 black nagas 36 xorns 17 giant zombies 15 elf-nobles 21 sergeants 3 barbed devils 10 vrocks 4 salamanders 16 wargs 2 winter wolves 7 hell hound pups 6 small mimics 2 glass piercers 4 warhorses 12 steam vortices 11 xans 8 ettin mummies 9 ogre leaders 12 quantum mechanics 15 trolls a sasquatch a wood golem 3 erinyes 6 mariliths 4 sharks an electric eel 2 gelatinous cubes a pyrolisk 2 large dogs 4 freezing spheres 4 flaming spheres 4 shocking spheres a large cat 6 tigers 9 gargoyles 3 dwarf rulers 12 tengu 3 ochre jellies 9 leocrottas 6 energy vortices 6 mountain centaurs 4 stone giants 6 elf mummies 4 human mummies 8 red nagas 5 pythons 8 pit vipers 9 cobras 37 wraiths 3 carnivorous apes 14 ettin zombies 6 leather golems 13 Grey-elves 114 soldiers 6 amorous demons 6 horned devils 6 chameleons 4 crocodiles 12 giant beetles 8 quivering blobs 15 cockatrices 3 wolves a winter wolf cub 3 lynxes 3 panthers 9 gremlins 24 leprechauns 5 orc-captains 2 iron piercers 3 mumakil 15 giant spiders 6 scorpions 4 horses 3 ice vortices a baby long worm 6 black lights 12 vampire bats 6 forest centaurs 7 gnome rulers 5 orc mummies 4 dwarf mummies 5 ogres 4 brown puddings 15 rust monsters 5 owlbears 10 yetis a gold golem 4 werewolves 14 Green-elves 2 piranha 15 giant eels 17 lizards 9 chickatrices 5 dingoes a dog 3 housecats 2 jaguars 6 dwarf leaders 3 blue jellies 7 white unicorns a gray unicorn 4 black unicorns 6 dust vortices 5 ravens 7 plains centaurs 4 gnome mummies 8 snakes 6 apes 21 human zombies a rope golem 11 Woodland-elves 19 soldier ants 15 fire ants 9 bugbears 3 imps 4 quasits 2 wood nymphs 6 water nymphs 4 mountain nymphs 4 Mordor orcs 24 Uruk-hai 6 orc shamans 9 rock piercers 5 rock moles 5 ponies 3 fog clouds 10 yellow lights 2 shriekers 3 violet fungi 23 gnome leaders 7 gnomish wizards a kobold mummy 2 black naga hatchlings a golden naga hatchling a guardian naga hatchling 6 gray oozes 6 barrow wights 12 elf zombies 13 ghouls 2 straw golems a paper golem 2 jellyfish 23 giant ants 10 floating eyes 3 kittens 21 dwarves 6 homunculi a kobold leader 35 hill orcs 16 rothes 2 rabid rats 2 centipedes 2 giant bats 3 monkeys 19 orc zombies 19 dwarf zombies 3 wererats a werejackal 10 iguanas 56 killer bees 5 acid blobs 10 coyotes 7 hobbits 10 manes 5 large kobolds 26 hobgoblins an orc 6 giant rats 4 cave spiders 3 brown molds 3 green molds 2 red molds 79 gnomes 7 garter snakes 15 gnome zombies 6 geckos 12 jackals 2 foxes 2 kobolds 5 goblins 5 sewer rats 7 grid bugs a bat 5 lichens 11 kobold zombies 4 newts 2090 creatures vanquished. Genocided or extinct species: arch-liches master liches demiliches master mind flayers disenchanters liches mind flayers erinyes (extinct) dwarf rulers dwarf leaders bugbears dwarves hobbits 12 species genocided. 1 species extinct. Voluntary challenges: You read items or engraved 151 times. You engraved Elbereth 12 times. You genocided 12 types of monsters. You never changed form. You used 8 wishes (3 for artifacts). You did not violate any of the special Sokoban rules. Achievements: You entered the Gnomish Mines. You attained the rank of Novice. You entered Minetown. You entered a shop. You attained the rank of Initiate. You entered Sokoban. You entered a temple. You completed Sokoban. You attained the rank of Student of Stones. You completed the Gnomish Mines. You entered the Big Room. You defeated Medusa. You attained the rank of Student of Waters. You handled the Bell of Opening. You entered Gehennom. You handled the Candelabrum of Invocation. You attained the rank of Student of Metals. You handled the Book of the Dead. You gained access to Moloch's Sanctum. You reached the Elemental Planes. You reached the Astral Plane. You delivered the Amulet of Yendor. You ascended! The Elemental Planes: Astral Plane: <- You are here. Many temples. Plane of Water: Plane of Fire: Plane of Air: Plane of Earth: The Dungeons of Doom: levels 1 to 26 Level 1: A grave. One way stairs up to The Elemental Planes. Level 2: A grave. Stairs down to The Gnomish Mines. Level 3: A general store. Level 4: A fountain. Level 5: A grave. Level 6: An armor shop, a fountain. Level 7: "s" An altar to Chih Sung-tzu, some fountains, a sink. Level 8: A fountain. Level 9: Many fountains. Level 10: A temple. Stairs up to Sokoban, level 9. Level 11: Some fountains. Level 12: A very big room. Level 13: An altar to Chih Sung-tzu. Portal to Fort Ludios. Level 14: "eye" A fountain. Level 15: Level 16: Some fountains. Portal to The Quest. Level 17: Level 18: A primitive area. Level 19: Some fountains. Level 20: A fountain, a grave. Level 21: "eye" Level 22: A grave. Level 23: "s" A fountain. Level 24: Some fountains, many trees. Level 25: Level 26: A fountain. The castle. Connection to Gehennom. Gehennom: levels 27 to 47 Level 27: A temple, many graves. Valley of the Dead. Level 28: Level 29: Level 30: Level 31: Level 32: Level 33: A fountain. Level 34: Level 35: Level 36: Level 37: Some shops, an altar. Level 38: "orcus above" Level 39: Stairs up to Vlad's Tower, level 38. Level 40: Level 41: Level 42: Level 43: Level 44: Level 45: Level 46: Level 47: A temple, many graves. Moloch's Sanctum. The Gnomish Mines: levels 3 to 11 Level 3: Level 4: Level 5: An altar, a fountain. Level 6: Level 7: Level 8: Level 9: Level 10: Level 11: The Quest: levels 1 to 6 Level 1: A temple, many trees. Completed quest for the Grand Master. Level 2: Level 3: Level 4: Level 5: Level 6: An altar. Sokoban: levels 9 up to 6 Level 6: Solved. Level 7: "cockatrice" Solved. Level 8: Solved. Level 9: Solved. Fort Ludios: Level 1: Fort Ludios. Vlad's Tower: levels 38 up to 36 Level 36: Level 37: Level 38: Goodbye Arasaka the Demigoddess... You went to your reward with 2407166 points, Magicbane (worth 3500 zorkmids and 8750 points) The Eye of the Aethiopica (worth 4000 zorkmids and 10000 points) The Eyes of the Overworld (worth 2500 zorkmids and 6250 points) 3 worthless pieces of colored glass, and 349 pieces of gold, after 40976 moves. You were level 19 with a maximum of 91 hit points when you ascended.